 Dungeon Crawl Stone Soup version 0.26.1-10-gdfb7c7de75 (webtiles) character file.

Game seed: 8120631831715199982

646 goldendragon the Conjurer (level 7, -11/52 HPs)
             Began as a White Draconian Conjurer on Apr 9, 2021.
             Was an Initiate of Sif Muna.
             Killed by divine providence
             ... invoked by an orc priest
              (13 damage)
             ... on level 5 of the Dungeon.
             The game lasted 00:41:13 (7266 turns).

goldendragon the Conjurer (DrCj)                    Turns: 7266, Time: 00:41:14

Health: -11/52     AC:  7    Str: 16    XL:     7   Next: 27%
Magic:  0/23       EV: 12    Int: 20    God:    Sif Muna [......]
Gold:   300        SH:  0    Dex:  9    Spells: 4/16 levels left

rFire    . . .     SeeInvis .     - Unarmed
rCold    + . .     Faith    .   (no shield)
rNeg     . . .     Spirit   +   (armour unavailable)
rPois    .         Reflect  .   (helmet restricted)
rElec    .         Harm     .   (no cloak)
rCorr    .         Rampage  .   d - +0 pair of gloves
Will     .....                  (no boots)
Stlth    ++........             n - amulet of guardian spirit
HPRegen  0.17/turn              b - ring of magical power
MPRegen  0.18/turn              c - +6 ring of strength

@: short of breath
A: breathe frost, unfitting armour, cold resistance 1, cold-blooded, AC +6
a: Breathe Frost, Renounce Religion


You were on level 5 of the Dungeon.
You worshipped Sif Muna.
Sif Muna was noncommittal.
You visited 1 branch of the dungeon, and saw 5 of its levels.

You collected 300 gold pieces.

Inventory:

Hand Weapons
 z - a +0 giant club
Missiles
 q - 72 stones
Armour
 d - a +0 pair of gloves (worn)
Jewellery
 b - a ring of magical power (left hand)
 c - a +6 ring of strength (right hand)
 n - an amulet of guardian spirit (around neck)
 s - an uncursed ring of flight
Scrolls
 f - 2 scrolls of amnesia {unknown}
 j - 3 scrolls of remove curse {unknown}
 o - 2 scrolls of magic mapping {unknown}
 p - a scroll of immolation {unknown}
 t - a scroll of enchant armour {unknown}
 u - 2 scrolls of teleportation {unknown}
 v - 2 scrolls of enchant weapon {unknown}
 x - 4 scrolls of fog
 y - a scroll of identify
Potions
 a - a potion of berserk rage {unknown}
 e - a potion of flight {unknown}
 g - a potion of ambrosia {unknown}
 h - a potion of lignification {unknown}
 i - 2 potions of brilliance {unknown}
 k - 2 potions of curing
 l - a potion of mutation {unknown}
 m - a potion of degeneration {unknown}
 r - a potion of attraction {unknown}
 w - a potion of might {unknown}


   Skills:
 + Level 1.1 Fighting
 + Level 2.2 Dodging
 - Level 1.8 Stealth
 - Level 2.3 Unarmed Combat
 * Level 5.2 Spellcasting
 + Level 5.7 Conjurations
 + Level 2.3 Summonings


You had 4 spell levels left.
You knew the following spells:

 Your Spells              Type           Power        Failure   Level
a - Magic Dart            Conj           100%         1%          1
b - Searing Ray           Conj           56%          1%          2
c - Dazzling Flash        Conj/Hex       32%          11%         3
d - Call Imp              Summ           14%          7%          2
e - Iskenderun's Mystic   Conj/Tloc      16%          34%         4

Your spell library contained the following spells:

 Spells                   Type           Power        Failure   Level
 Summon Small Mammal      Summ           56%          4%          1
 Animate Skeleton         Necr           10%          12%         1
 Apportation              Tloc           10%          12%         1
 Corona                   Hex            5%           12%         1
 Call Canine Familiar     Summ           14%          13%         3
 Summon Guardian Golem    Hex/Summ       9%           22%         3
 Fulminant Prism          Conj/Hex       8%           34%         4
 Summon Ice Beast         Ice/Summ       9%           56%         4
 Summon Lightning Spire   Summ/Air       9%           56%         4


Dungeon Overview and Level Annotations

Branches:
Dungeon (5/15)
 Temple: D:4-7

Altars:
Ashenzari
Hepliaklqana
Sif Muna
Trog
Zin
The Shining One


Innate Abilities, Weirdness & Mutations

You can breathe waves of freezing cold.
You can buffet flying creatures when you breathe cold.
Your icy white scales are hard. (AC +6)
You cannot fit into any form of body armour.
Your flesh is cold resistant. (rC+)
You are cold-blooded and may be slowed by cold attacks.


Message History

Aim: an orc, wearing a +0 ring mail You exhale a wave of freezing cold.
The freezing breath misses the orc.
The freezing breath hits the orc priest!
The orc priest is almost dead.
The freezing breath hits the orc!
You kill the orc!
Sif Muna accepts your kill. The orc hits you with a +0 short sword.
The orc priest looks satisfied for a moment.
The orc priest calls upon Beogh to heal the orc priest.
The orc priest is healed somewhat.
The orc priest begins to cast a cantrip, but forgets the words!
An orc priest opens the door.
The orc hits you with a +0 short sword.
* * * LOW HITPOINT WARNING * * *
The orc priest calls down the wrath of Beogh upon you.
Beogh smites you!
* * * LOW HITPOINT WARNING * * *
The orc priest calls down the wrath of Beogh upon you.
Beogh smites you!
You die...

#.#.#
#.###..#
#o#.#
#.......
#.#.#
#.......
#.#.
#.......
#.#.
#..###..
#.o#######
#.........
#.o#..###
##@..##
#.### ...
....#
#..#.# ##.
.# .. .#
.. ..


You could see 2 orc priests and an orc.

Vanquished Creatures
  2 ogres
  A scorpion (D:4)
  2 hounds
  A bullfrog skeleton (D:4)
  An orc priest (D:4)
  2 iguanas (D:4)
  A worker ant (D:4)
  A hound skeleton (D:4)
  5 adders
  An adder zombie (D:4)
  2 oozes
  4 worms
  8 leopard geckos
  5 orcs
  2 giant cockroaches
  5 goblins
  10 hobgoblins
  A jackal (D:5)
  3 quokkas
  2 ball pythons
  12 bats
  6 frilled lizards
  5 kobolds
  A leopard gecko skeleton (D:4)
  16 rats
99 creatures vanquished.

Vanquished Creatures (collateral kills)
  An ogre (D:4)
  An orc wizard (D:5)
  An orc (D:3)
  2 jackals (D:5)
5 creatures vanquished.

Grand Total: 104 creatures vanquished

Notes
Turn   | Place    | Note
-------+----------+-------------------------------------------
     0 | D:1      | goldendragon the Draconian Conjurer began the quest for the
                  | Orb.
     0 | D:1      | Reached XP level 1. HP: 14/14 MP: 3/3
   368 | D:1      | Reached XP level 2. HP: 20/20 MP: 1/5
   858 | D:1      | Learned a level 2 spell: Searing Ray
  1257 | D:1      | Reached XP level 3. HP: 26/26 MP: 3/6
  1534 | D:1      | Learned a level 3 spell: Dazzling Flash
  1918 | D:2      | Found a broken altar of Ashenzari.
  2517 | D:2      | Reached skill level 1 in Unarmed Combat
  3284 | D:3      | Reached XP level 4. HP: 34/34 MP: 7/7
  3411 | D:3      | Reached skill level 5 in Conjurations
  3446 | D:3      | Learned a level 2 spell: Call Imp
  4394 | D:3      | Found a glowing silver altar of Zin.
  4768 | D:4      | Found a shimmering blue altar of Sif Muna.
  4793 | D:4      | Noticed an ogre
  4794 | D:4      | Reached XP level 5. HP: 26/39 MP: 8/9
  4806 | D:4      | Killed an ogre
  4807 | D:4      | Reached skill level 1 in Summonings
  4973 | D:4      | Became a worshipper of Sif Muna the Loreminder
  5070 | D:4      | Reached XP level 6. HP: 37/46 MP: 7/11
  5396 | D:4      | Learned a level 4 spell: Iskenderun's Mystic Blast
  5852 | D:4      | Found a bloodstained altar of Trog.
  5853 | D:4      | Found a glowing golden altar of the Shining One.
  5855 | D:4      | Found a hazy altar of Hepliaklqana.
  5855 | D:4      | Found a broken altar of Ashenzari.
  6603 | D:4      | Your scales start taking on an icy white colour.
  6603 | D:4      | Reached XP level 7. HP: 29/51 MP: 6/14
  6603 | D:4      | Gained mutation: Your flesh is cold resistant. (rC+) [White
                  | Draconian growth]
  7151 | D:5      | Entered Level 5 of the Dungeon
  7162 | D:5      | Reached skill level 1 in Fighting
  7162 | D:5      | Reached skill level 5 in Spellcasting
  7265 | D:5      | HP: 2/52 [orc priest/divine providence (6)]
  7266 | D:5      | Killed from afar by an orc priest

Illustrated notes

Levels and vault maps discovered:
D:1:      enne_arrival_octagon_isle, layout_loops_corners, glass_columns_a,
          serial_park_tiny_pond
D:2:      layout_loops_ring, nicolae_ashenzari_panopticon
D:3:      layout_rooms, marbit_many_paths
D:4:      layout_layer_cave, chequers_temple_overflow_statue_of_worship,
          lemuel_doored_altar
D:5:      layout_rooms, minivault_11

Skill      XL: |  1  2  3  4  5  6  7 |
---------------+----------------------+-----
Unarmed Combat | 1 2 |  2.3
Dodging        | 2 |  2.2
Conjurations   | 5 |  5.7
Spellcasting   | 3 4 5 |  5.2
Summonings     | 1 2 |  2.3
Fighting       | 1 |  1.1
Stealth        | |  1.8

Action                   |  1- 3 |  4- 6 |  7- 9 || total
-------------------------+-------+-------+-------++-------
Melee: Unarmed           |    15 |     6 |     1 ||    22
       Tailslap          |     2 |     1 |       ||     3
 Cast: Magic Dart        |    84 |    78 |     4 ||   166
       Searing Ray       |    11 |    12 |     1 ||    24
       Call Imp          |       |    14 |     3 ||    17
 Abil: Breathe Frost     |       |       |     3 ||     3
  Use: Scroll            |     2 |     4 |       ||     6
Armor: Skin              |    26 |    13 |     6 ||    45
Dodge: Dodged            |    62 |    29 |     8 ||    99
